 Dungeon Crawl Stone Soup version 0.24.0-123-gd5b16e6ec5 (webtiles) character file.

Game seed: 15781873000388627726, levelgen mode: deterministic

19157 sanka the Unseen (level 12, -32/61 HPs)
             Began as a Spriggan Enchanter on Jan 19, 2020.
             Was a High Priest of Wu Jian.
             Annihilated by a minotaur
             ... wielding a +0 broad axe
              (37 damage)
             ... in a Gauntlet on Jan 21, 2020.
             The game lasted 00:54:27 (17251 turns).

sanka the Unseen (Spriggan Enchanter)              Turns: 17251, Time: 00:54:27

Health: -32/61     AC:  9    Str:  4    XL:     12   Next: 34%
Magic:  20/25      EV: 35    Int: 20    God:    Wu Jian [*****.]
Gold:   1120       SH:  7    Dex: 18    Spells: 15/27 levels left

rFire    . . .     SeeInvis +   a - +2 dagger (holy)
rCold    . . .     Gourm    .   u - +0 buckler
rNeg     . . .     Faith    +   N - +2 robe {Archmagi}
rPois    .         Spirit   .   t - +2 hat
rElec    +         Reflect  .   o - +2 cloak
rCorr    .         Harm     .   (gloves unavailable)
MR       ++...     NoTele   +   (boots unavailable)
Stlth    ++++++....             P - amulet of faith {!P}
HPRegen  0.20/turn              B - +5 ring of evasion
MPRegen  0.19/turn              W - ring "Anluah" {rElec EV+2 Slay+5}

@: very quick
A: very small, unfitting armour, see invisible, herbivore, speed 3, slow
metabolism 2
a: Wall Jump, Serpent's Lash, Heavenly Storm, Renounce Religion


You were in a Gauntlet.
You worshipped Wu Jian.
Wu Jian was extremely pleased with you.
You were not hungry.

You visited 3 branches of the dungeon, and saw 13 of its levels.
You also visited: Gauntlet.

You collected 1120 gold pieces.


Innate Abilities, Weirdness & Mutations

You are very small and have problems with some larger weapons.
You are too small for most types of armour.
You have supernaturally acute eyesight. (SInv)
You are a herbivore.
You cover ground extremely quickly.
You need to consume almost no food.


   Skills:
 + Level 6.2 Fighting
 - Level 10.0 Short Blades
 + Level 12.0 Dodging
 - Level 15.0 Stealth
 + Level 3.5 Shields
 - Level 8.0 Spellcasting
 - Level 10.0 Hexes


You had 15 spell levels left.
You knew the following spells:

 Your Spells              Type           Power        Failure   Level  Hunger
c - Mephitic Cloud        Conj/Pois/Air  ##......     32%         3    None
v - Dazzling Spray        Conj/Hex       #####.       4%          3    None
x - Confuse               Hex            ######..     1%          3    None
y - Corona                Hex            ######.      1%          1    None
z - Ensorcelled Hibernat  Hex/Ice        #####.       1%          2    None

Your spell library contained the following spells:

 Spells                   Type           Power        Failure   Level  Hunger
 Slow                     Hex            ######..     1%          2    None
 Tukima's Dance           Hex            ######..     1%          3    None
 Freeze                   Ice            ##..         11%         1    None
 Magic Dart               Conj           ##..         11%         1    None
 Shock                    Conj/Air       ##..         11%         1    None
 Blink                    Tloc           N/A          16%         2    None
 Call Imp                 Summ           ##......     16%         2    None
 Throw Flame              Conj/Fire      ##....       16%         2    None
 Throw Frost              Conj/Ice       ##....       16%         2    None
 Conjure Flame            Conj/Fire      ##......     32%         3    None
 Ozocubu's Armour         Chrm/Ice       ##......     32%         3    None
 Summon Ice Beast         Ice/Summ       ##......     71%         4    ###....
 Throw Icicle             Conj/Ice       ##......     71%         4    ###....
 Bolt of Cold             Conj/Ice       ##........   100%        6    ######.
 Tornado                  Air            ##........   100%        9    #######


Dungeon Overview and Level Annotations

Branches:
Dungeon (11/15)            Temple (1/1) D:5            Lair (1/6) D:11
Gauntlet (1/1)
    Orc: D:9-12

Altars:
Ashenzari
Cheibriados
Dithmenos
Elyvilon
Fedhas
Gozag
Hepliaklqana
Kikubaaqudgha
Makhleb
Nemelex Xobeh
Okawaru
Qazlal
Ru
Sif Muna
Trog
Uskayaw
Vehumet
Wu Jian
Xom
Yredelemnul
Zin
The Shining One

Shops:
D:8 %

Annotations:
D:6 1 runed translucent door Gauntlet 8 transporters

Inventory:

Hand Weapons
 a - a +2 dagger of holy wrath (weapon)
   (You took it off an orc wizard on level 10 of the Dungeon)
 b - a +0 dagger of draining
   (You found it on level 3 of the Dungeon)
 y - a +1 dagger of chaos
   (You took it off Psyche on level 10 of the Dungeon)
 R - a +1 dagger of venom
   (You took it off an orc priest on level 10 of the Dungeon)
Armour
 o - a +2 cloak (worn)
   (You found it on level 3 of the Dungeon)
 t - a +2 hat (worn)
   (You found it on level 10 of the Dungeon)
 u - a +0 buckler (worn)
   (You found it on level 8 of the Dungeon)
 N - a +2 robe of the Archmagi (worn)
   (You took it off Psyche on level 10 of the Dungeon)
 U - a +2 robe of positive energy
   (You took it off Erica on level 1 of the Lair of Beasts)
Jewellery
 m - an uncursed amulet of guardian spirit
   (You found it on level 3 of the Dungeon)
 x - a +5 ring of strength
   (You took it off an orc wizard on level 4 of the Dungeon)
 z - an uncursed ring of poison resistance
   (You took it off an orc wizard on level 4 of the Dungeon)
 B - a +5 ring of evasion (left hand)
   (You found it on level 6 of the Dungeon)
 E - an uncursed ring of protection from fire
   (You found it on level 7 of the Dungeon)
 J - a +3 ring of protection
   (You took it off an orc on level 8 of the Dungeon)
 O - a +4 ring of dexterity
   (You found it on level 9 of the Dungeon)
 P - an amulet of faith (around neck) {!P}
   (You found it on level 9 of the Dungeon)
 V - the ring of Zuecotos {-Tele +Fly rC++ MP+9 Slay+2}
   (You found it in a Gauntlet)

   [ring of flight]

   It affects your accuracy and damage with ranged weapons and melee attacks
   (+2).
   It greatly protects you from cold.
   It affects your magic capacity (+9).
   It lets you fly.
   It prevents most forms of teleportation.
 W - the ring "Anluah" (right hand) {rElec EV+2 Slay+5}
   (You found it in a Gauntlet)

   [ring of evasion]

   It affects your evasion (+2).
   It affects your accuracy and damage with ranged weapons and melee attacks
   (+5).
   It insulates you from electricity.
Wands
 l - a wand of scattershot (6)
   (You found it on level 2 of the Dungeon)
 n - a wand of enslavement (4)
   (You found it on level 3 of the Dungeon)
 s - a wand of flame (16)
   (You took it off Robin on level 3 of the Dungeon)
Scrolls
 c - 3 scrolls of silence
 f - a scroll of fear
 g - 6 scrolls of remove curse {@r2}
 i - 3 scrolls of fog
 k - a scroll of vulnerability {unknown}
 q - a scroll of enchant weapon
 v - 4 scrolls of amnesia
 w - 2 scrolls of teleportation {@r4}
 D - 2 scrolls of enchant armour
 F - 2 scrolls of magic mapping
 G - 3 scrolls of immolation {unknown}
 H - 3 scrolls of noise {unknown}
 I - 2 scrolls of blinking {unknown}
Potions
 e - a potion of berserk rage
 h - 2 potions of cancellation
 j - 7 potions of might
 p - 2 potions of flight
 r - a potion of invisibility
 A - 6 potions of curing {@q1}
 K - 2 potions of haste {unknown}
 L - 2 potions of lignification {unknown}
 M - a potion of mutation {unknown}
 Q - a potion of brilliance {unknown}
 S - a potion of agility {unknown}
 T - a potion of magic {unknown}
Miscellaneous
 X - a lightning rod (4/4) {!a}
   (You found it in a Gauntlet)
 Y - a phial of floods
   (You found it in a Gauntlet)
Comestibles
 d - 12 rations

#.............#
###.###.###(###
###.###.###.###
#.............#
#.###.###.###.#
#.............#
#######'#######
##.### ###..@.#
#.'⌠.H.#
###...⌠+ #.(..#
##'### #%# ###


You could see a minotaur (berserk).


Message History

Okay, then.
There is an open door here.
You close the door.
You open the door.
You close the door.
d - 12 rations (gained 1)
s - a wand of flame (16) (gained 6 charges)
There is a gate leading back out of this place here.
Items here: ) [[[ }} Unknown command.
X - a lightning rod (4/4) {!a};
Y - a phial of floods A minotaur opens the door.
There is a fountain of sparkling water here.
You open the door.
The minotaur throws a javelin.
The javelin pierces through you!!
Ouch! That really hurt!
* * * LOW HITPOINT WARNING * * *
Found a ration.
You feel much better.
The minotaur throws a javelin.
The javelin pierces through you!!
* * * LOW HITPOINT WARNING * * *
You feel much better.
The minotaur throws a javelin.
The javelin completely misses you.
There is an open door here.
You see here a ration.
You close the door.
You open the door.
The minotaur throws a javelin.
The javelin pierces through you!!
* * * LOW HITPOINT WARNING * * *
As you close the door, it creaks loudly!
You feel much better.
A minotaur opens the door.
You lunge at the minotaur.
You hit the minotaur.
The minotaur is lightly wounded.
The minotaur evokes its amulet.
The minotaur goes berserk!
There is an open door here.
You spin and attack the minotaur.
You puncture the minotaur!
The minotaur is lightly wounded.
The minotaur barely misses you. The minotaur completely misses you.
There is a fountain of sparkling water here.
There is a gate leading back out of this place here.
Items here: ) [[[ a chain mail; a ring mail; a glowing quarterstaff; a runed leather armour The minotaur hits you with a +0 broad axe!!
Ouch! That really hurt!
* * * LOW HITPOINT WARNING * * *
The minotaur closely misses you.
The minotaur hits you with a +0 broad axe!!!
Ouch! That really hurt!
You die...

Levels and vault maps discovered:
D:1:      psy_arrival_fountain, layout_loops_corners
D:2:      layout_loops_ring, fedhas_altar_4, old_standard_altar, first_ration,
          chequers_ecumenical_altar_simple, st_stairs_8
D:3:      layout_rooms, minmay_shallow_snake_nest, uniq_robin
D:4:      layout_basic, minmay_pentomino_pile, uniq_natasha, uniq_blork_the_orc
D:5:      layout_gridville, minmay_temple_entry_mist, ebering_ghost_rock_garden,
          minmay_chambers_of_fives, uniq_menkaure
D:6:      minmay_klotski, layout_basic, ebering_ghost_sewer_f
D:7:      layout_basic, basic_altar, lightli_corner_chamber
D:8:      layout_cave_pools, serial_shops, nicolae_shop_stone, david_nohive_1,
          nrook_uturn, lemuel_tele_altar
D:9:      layout_roguey, grunt_temple_overflow_lords_of_destruction,
          eat_drink_and_be_merry_uskayaw
D:10:     minmay_general_purpose_star, layout_cave_pods, serial_column_ruins,
          column_ruins_hut_ruined, column_ruins_hut, column_ruins_open_tiny,
          column_ruins_grid_2, column_ruins_open_tiny, column_ruins_open_medium,
          column_ruins_grid_4, uniq_psyche
D:11:     layout_basic, david_lair_shrubbed, minivault_12
Temple:   minmay_crystal_spiral_temple
Lair:1:   layout_chaotic_city, gauntlet_entry_generic, uniq_erica
Gauntlet: minmay_gauntlet_mixed_oops_all_seconds
          [minmay_gauntlet_arena_77_two_lines,
          gammafunk_gauntlet_arena_split_diamond,
          minmay_gauntlet_arena_77_mirror, gammafunk_gauntlet_arena_split_x,
          minmay_gauntlet_arena_77_hold_the_fort,
          gammafunk_gauntlet_arena_spirals, gauntlet_exit_hidden_loot]

Vanquished Creatures
  A hydra (D:11)
  Erica (Lair:1)
  A two-headed ogre (D:11)
  An unseen horror (D:10)
  The ghost of Nebesus the Cleaver, a novice MiFi (D:6)
  2 cyclopes (D:11)
  Psyche (D:10)
  A centaur zombie (D:11)
  3 gargoyles
  A spiny frog (Lair:1)
  A minotaur zombie (Gauntlet)
  A yaktaur (shapeshifter) (D:6)
  A kobold demonologist (D:10)
  A komodo dragon (D:11)
  2 ice devils (Gauntlet)
  A queen bee (D:8)
  The ghost of busyok the Magician, a novice DEFE (D:5)
  2 trolls
  2 hippogriffs
  5 slime creatures (D:8)
  2 centaur simulacra (Gauntlet)
  A wyvern (D:8)
  9 yaks
  A harpy simulacrum (Gauntlet)
  Menkaure (D:5)
  A porcupine (Lair:1)
  3 water moccasins
  A meliai simulacrum (Gauntlet)
  4 ice beasts
  4 orc warriors
  2 phantoms
  4 sky beasts
  3 black bears
  2 necrophages
  2 eyes of draining (D:11)
  6 centaurs
  5 ogres
  A crocodile (Lair:1)
  Blork the orc (D:4)
  3 big kobolds
  10 bullfrogs
  2 scorpions
  23 killer bees
  2 howler monkeys
  9 wights
  9 crimson imps
  A hound (D:6)
  2 bullfrog zombies
  2 quasits
  10 orc priests
  5 jellies
  A centaur skeleton (D:4)
  6 iguanas
  Natasha (thrice) (D:4)
  9 orc wizards
  10 worker ants
  A hound zombie (D:11)
  3 hound skeletons
  A howler monkey zombie (D:9)
  Robin (D:3)
  10 gnolls
  A howler monkey skeleton (D:11)
  16 adders
  3 shadow imps
  2 oozes (D:3)
  2 adder zombies (D:6)
  3 worms
  4 dart slugs
  A leopard gecko (D:2)
  40 orcs
  6 ball pythons
  6 giant cockroaches
  17 goblins
  7 hobgoblins
  17 jackals
  6 quokkas
  3 bats
  6 frilled lizards
  2 jackal skeletons
  12 kobolds
  A leopard gecko skeleton (D:4)
  A rat (D:1)
362 creatures vanquished.

Vanquished Creatures (others)
  A bullfrog skeleton (D:11)
  A worker ant zombie (D:11)
  A worker ant simulacrum (D:11)
  A quokka (D:11)
  2 plants (D:11)
6 creatures vanquished.

Grand Total: 368 creatures vanquished

Table legend:
 A = Turns spent in this place as a percentage of turns spent in the entire game.
 B = Non-inter-level travel turns spent in this place as a percentage of non-inter-level travel turns spent in the entire game.
 C = Inter-level travel turns spent in this place as a percentage of turns spent in this place.
 D = Turns resting spent in this place as a percentage of non-inter-level travel turns spent in this place.
 E = Turns spent auto-exploring this place as a percentage of non-inter-level travel turns spent in this place.
 F = Non-inter-level travel turns spent in this place divided by the number of levels of this place that you've seen.
                   A       B       C       D       E      F
               +-------+-------+-------+-------+-------+----------------------
         Total | 100.0 | 100.0 |   5.3 |  34.3 |  40.9 | 1166.7
       Dungeon |  92.1 |  92.2 |   5.2 |  33.7 |  43.8 | 1368.7
        Temple |   1.0 |   0.5 |  49.4 |   0.0 |  96.5 |  86.0
          Lair |   1.2 |   1.2 |   0.0 |   0.0 |   0.0 | 202.0
      Gauntlet |   5.7 |   6.1 |   0.0 |  54.8 |   0.0 | 990.0
               +-------+-------+-------+-------+-------+----------------------

Table legend:
 A = Kills in this place as a percentage of kills in entire the game.
 B = Kills by you in this place as a percentage of kills by you in the entire game.
 C = Kills by friends in this place as a percentage of kills by friends in the entire game.
 D = Other kills in this place as a percentage of other kills in the entire game.
 E = Experience gained in this place as a percentage of experience gained in the entire game.
 F = Experience gained in this place divided by the number of levels of this place that you have seen.
                   A       B       C       D       E      F
               +-------+-------+-------+-------+-------+----------------------
         Total | 100.0 | 100.0 |   N/A | 100.0 | 100.0 | 1954.9
       Dungeon |  94.8 |  95.0 |   N/A |   0.0 |  83.2 | 2070.9
          Lair |   3.3 |   3.3 |   N/A |   0.0 |  10.9 | 2978.0
      Gauntlet |   1.9 |   1.7 |   N/A | 100.0 |   5.9 | 1610.0
               +-------+-------+-------+-------+-------+----------------------

Notes
Turn   | Place    | Note
-------+----------+-------------------------------------------
     0 | D:1      | sanka the Spriggan Enchanter began the quest for the Orb.
     0 | D:1      | Reached XP level 1. HP: 9/9 MP: 5/5
   756 | D:1      | Reached skill level 5 in Stealth
   756 | D:1      | Reached XP level 2. HP: 13/13 MP: 6/6
   760 | D:1      | Learned a level 2 spell: Ensorcelled Hibernation
   993 | D:2      | Reached skill level 2 in Short Blades
  1063 | D:2      | Reached XP level 3. HP: 16/16 MP: 8/8
  1068 | D:2      | Learned a level 3 spell: Confuse
  1133 | D:2      | HP: 3/16 [gnoll/+0 spear (6)]
  1780 | D:2      | Reached skill level 6 in Stealth
  1858 | D:2      | Found a faded altar of an unknown god.
  1913 | D:2      | Found a shadowy altar of Dithmenos.
  1943 | D:2      | Reached skill level 3 in Short Blades
  1951 | D:2      | Reached XP level 4. HP: 20/21 MP: 1/9
  2103 | D:2      | Found a blossoming altar of Fedhas.
  3010 | D:3      | Reached skill level 7 in Stealth
  3010 | D:3      | Reached XP level 5. HP: 16/24 MP: 7/10
  3218 | D:2      | Reached skill level 4 in Short Blades
  3254 | D:3      | HP: 5/24 [worm (8)]
  3719 | D:3      | Noticed Robin
  4191 | D:3      | Killed Robin
  4321 | D:3      | Reached skill level 8 in Stealth
  4423 | D:4      | Noticed Blork the orc
  4435 | D:4      | Killed Blork the orc
  4435 | D:4      | Reached skill level 5 in Short Blades
  4435 | D:4      | Reached XP level 6. HP: 28/28 MP: 11/11
  4544 | D:4      | Reached skill level 3 in Spellcasting
  4563 | D:4      | Reached skill level 4 in Hexes
  5353 | D:4      | Identified the Volume of Confrontation and Weightlessness
  5430 | D:4      | Reached skill level 4 in Spellcasting
  5430 | D:4      | Reached XP level 7. HP: 32/32 MP: 8/14
  5740 | D:4      | Noticed Natasha
  5747 | D:4      | Killed Natasha
  5747 | D:4      | Reached skill level 5 in Hexes
  5838 | D:4      | You fall into a shaft and drop 2 floors!
  5853 | D:5      | Entered Level 5 of the Dungeon
  6036 | D:5      | Reached skill level 5 in Spellcasting
  6092 | D:5      | Noticed Menkaure
  6114 | D:5      | Reached skill level 6 in Spellcasting
  6125 | D:5      | HP: 8/32 [centaur/arrow (9)]
  6421 | D:5      | Reached skill level 7 in Spellcasting
  6551 | D:5      | Killed Menkaure
  6551 | D:5      | Reached XP level 8. HP: 36/36 MP: 16/20
  6580 | D:5      | Found a runed translucent gate.
  6595 | D:5      | Reached skill level 8 in Spellcasting
  6600 | D:5      | Reached skill level 6 in Hexes
  6609 | D:5      | Found a runed translucent gate.
  6609 | D:5      | Found a runed translucent gate.
  6653 | D:5      | Noticed busyok's ghost (novice DEFE)
  6934 | D:4      | Noticed Natasha
  6943 | D:4      | Killed Natasha
  6943 | D:4      | Reached skill level 7 in Hexes
  7425 | D:4      | Noticed Natasha
  7431 | D:4      | Killed Natasha
  7464 | D:5      | Found a staircase to the Ecumenical Temple.
  7474 | Temple   | Entered the Ecumenical Temple
  7612 | Temple   | Became a worshipper of the Wu Jian Council
  8214 | D:5      | Killed busyok's ghost
  8214 | D:5      | Reached skill level 8 in Hexes
  8491 | D:6      | Reached skill level 1 in Fighting
  8586 | D:6      | Reached skill level 4 in Dodging
  8690 | D:6      | Found a runed translucent door.
  8691 | D:6      | Noticed Nebesus's ghost (novice MiFi)
  8723 | D:6      | Killed Nebesus's ghost
  8723 | D:6      | Reached skill level 2 in Fighting
  8723 | D:6      | Reached skill level 6 in Dodging
  8723 | D:6      | Reached XP level 9. HP: 29/43 MP: 11/22
  8847 | D:6      | Found a runed translucent door.
  8899 | D:6      | Reached skill level 3 in Fighting
  9037 | D:7      | Reached skill level 7 in Dodging
  9042 | D:7      | Reached * piety under Wu Jian
  9321 | D:7      | Reached skill level 8 in Dodging
  9379 | D:7      | Reached skill level 6 in Short Blades
  9539 | D:6      | Reached skill level 7 in Short Blades
  9648 | D:6      | Noticed a troll
  9649 | D:6      | Noticed a yaktaur
  9661 | D:6      | Killed a troll
  9661 | D:6      | Reached skill level 8 in Short Blades
  9663 | D:6      | Killed a yaktaur
  9665 | D:6      | Reached skill level 9 in Stealth
  9665 | D:6      | Reached XP level 10. HP: 49/49 MP: 8/23
  9668 | D:6      | Reached ** piety under Wu Jian
  9673 | D:6      | meem: I'm meem, an infobot run by MalcolmRoseGaming: Type
                  | !submeem to keep me in your games; !nomeem to shut me up
                  | forever; !meem for help; !whymeem if you want to know why
                  | meem exists. Visit http://youtube.com/malcolmrosegaming for
                  | more DCSS content.
 10237 | D:7      | Found a sparkling altar of Nemelex Xobeh.
 10637 | D:8      | Reached skill level 10 in Stealth
 10667 | D:8      | Reached skill level 11 in Stealth
 10872 | D:8      | Reached skill level 12 in Stealth
 10967 | D:8      | Found a shattered altar of Ashenzari.
 11294 | D:8      | Found Xicug's Food Emporium.
 11617 | D:8      | Reached skill level 9 in Hexes
 11929 | D:8      | Reached skill level 9 in Dodging
 12057 | D:9      | Reached *** piety under Wu Jian
 12067 | D:9      | Noticed a gargoyle
 12079 | D:9      | Killed a gargoyle
 12173 | D:9      | Found a hide-covered altar of Uskayaw.
 12234 | D:9      | Reached skill level 4 in Fighting
 12436 | D:9      | Found a radiant altar of Vehumet.
 12436 | D:9      | Found a burning altar of Makhleb.
 12502 | D:9      | Reached skill level 9 in Short Blades
 12517 | D:9      | Reached XP level 11. HP: 53/53 MP: 5/24
 12778 | D:10     | Entered Level 10 of the Dungeon
 12784 | D:10     | Reached skill level 13 in Stealth
 13069 | D:10     | Reached **** piety under Wu Jian
 13442 | D:10     | Noticed an unseen horror
 13448 | D:10     | Killed an unseen horror
 13554 | D:10     | Noticed Psyche
 13561 | D:10     | Killed Psyche
 13561 | D:10     | Reached skill level 10 in Dodging
 14170 | D:10     | Reached skill level 10 in Hexes
 14316 | D:11     | Reached skill level 1 in Shields
 14421 | D:11     | Noticed a five-headed hydra
 14427 | D:11     | Killed a five-headed hydra
 14427 | D:11     | Reached skill level 5 in Fighting
 14461 | D:11     | Noticed a skeletal warrior
 14462 | D:11     | Noticed an orc knight
 14602 | D:11     | Noticed a seven-headed hydra
 14602 | D:11     | Noticed an orc knight
 14603 | D:11     | Noticed an orc knight
 14815 | D:11     | Found a staircase to the Lair.
 14847 | D:11     | Reached skill level 14 in Stealth
 14946 | D:11     | Reached skill level 2 in Shields
 14949 | D:11     | Reached skill level 10 in Short Blades
 15072 | D:11     | Noticed a two-headed ogre
 15077 | D:11     | Reached ***** piety under Wu Jian
 15306 | D:11     | Reached skill level 11 in Dodging
 15312 | D:11     | Killed a two-headed ogre
 15432 | D:11     | Reached XP level 12. HP: 60/60 MP: 22/25
 15964 | D:6      | Learned a level 3 spell: Mephitic Cloud
 15968 | D:6      | Learned a level 3 spell: Dazzling Spray
 16059 | Lair:1   | Entered Level 1 of the Lair of Beasts
 16214 | Lair:1   | Reached skill level 3 in Shields
 16220 | Lair:1   | Noticed Erica
 16228 | Lair:1   | Killed Erica
 16237 | Lair:1   | Found a gate leading to a gauntlet.
 16245 | Lair:1   | Reached skill level 6 in Fighting
 16261 | Gauntlet | Entered a Gauntlet
 16261 | Gauntlet | Found a transporter.
 16357 | Gauntlet | Found a transporter.
 16357 | Gauntlet | Noticed a hell hog
 16370 | Gauntlet | Found a transporter.
 16374 | Gauntlet | Found a transporter.
 16384 | Gauntlet | Found a transporter.
 16404 | Gauntlet | Found a transporter.
 16407 | Gauntlet | Noticed an entropy weaver
 16418 | Gauntlet | Found a transporter.
 16438 | Gauntlet | Found a transporter.
 16440 | Gauntlet | Found a transporter.
 16447 | Gauntlet | Noticed a blizzard demon
 16449 | Gauntlet | Found a transporter.
 16467 | Gauntlet | Found a transporter.
 16471 | Gauntlet | Found a transporter.
 16475 | Gauntlet | Noticed a death yak
 16476 | Gauntlet | Noticed a death yak
 16477 | Gauntlet | Noticed a death yak
 16630 | Gauntlet | Got a translucent tin ring
 16863 | Gauntlet | HP: 15/61 [meliai simulacrum (10)]
 16863 | Gauntlet | HP: 6/61 [meliai simulacrum (9)]
 17149 | Gauntlet | Got a shimmering jade ring
 17151 | Gauntlet | Identified the ring of Zuecotos {-Tele +Fly rC++ MP+9
                  | Slay+2} (You found it in a Gauntlet)
 17153 | Gauntlet | Identified the ring "Anluah" {rElec EV+2 Slay+5} (You found
                  | it in a Gauntlet)
 17161 | Gauntlet | Noticed a minotaur
 17208 | Gauntlet | Reached skill level 12 in Dodging
 17208 | Gauntlet | Reached skill level 15 in Stealth
 17234 | Gauntlet | HP: 9/61 [minotaur/javelin (34)]
 17235 | Gauntlet | HP: 3/61 [minotaur/javelin (26)]
 17251 | Gauntlet | HP: 5/61 [minotaur/+0 broad axe (34)]
 17251 | Gauntlet | Annihilated by a minotaur

Action                   |  1- 3 |  4- 6 |  7- 9 | 10-12 || total
-------------------------+-------+-------+-------+-------++-------
Melee: Dagger            |    48 |   178 |   152 |   370 ||   748
 Cast: Corona            |     3 |       |       |       ||     3
       Ensorcelled Hiber |    13 |    97 |    84 |   177 ||   371
       Confuse           |       |     2 |    10 |    37 ||    49
Invok: Lunge             |       |       |     9 |    79 ||    88
       Whirlwind         |       |       |     1 |    15 ||    16
Evoke: Wand              |       |       |       |     1 ||     1
  Use: Potion            |       |       |     1 |     3 ||     4
       Scroll            |       |       |    16 |     2 ||    18
 Stab: Sleeping          |    19 |    61 |    64 |   144 ||   288
       Distracted        |     1 |     1 |     2 |     5 ||     9
       Confused          |       |     1 |    12 |    28 ||    41
  Eat: Ration            |       |     4 |     3 |     3 ||    10
Armor: Robe              |     6 |    24 |     8 |    10 ||    48
       Troll leather arm |       |       |       |    15 ||    15
Dodge: Dodged            |    44 |   162 |   129 |   320 ||   655
Block: Buckler           |       |       |       |    38 ||    38
